MLB
KANSAS CITY ROYALS @ MINNESOTA TWINS
04/19/2099
 
TOP OF THE 1ST
Kansas City Royals batting - Pitching for Minnesota Twins : RHP Russell Cottrell
Pitching: RHP Russell Cottrell
Batting: LHB Danny Bonilla 0-0: Foul Ball, location: 5FF
0-1: Ball
1-1: Ball
2-1: Ball
3-1: Foul Ball, location: 2F
3-2: Strikes out looking
Batting: RHB Kevin Stark 0-0: Ball
1-0: Called Strike
1-1: Ball
2-1: Foul Ball, location: 5F
2-2: Ball
3-2: Fly out, F9 (Flyball, 9D, EV 103.8 MPH)
Batting: LHB Jorge Castillo 0-0: Ball
1-0: Foul Ball, location: 7LDF
1-1: Swinging Strike
1-2: Foul Ball, location: 2F
1-2: Ball
2-2: Foul Ball, location: 2F
2-2: Foul Ball, location: 9LMF
2-2: Ball
3-2: Ground out 6-3 (Groundball, 6, EV 108.1 MPH)
Top of the 1st over - 0 runs, 0 hits, 0 errors, 0 left on base; Kansas City 0 - Minnesota 0
BOTTOM OF THE 1ST
Minnesota Twins batting - Pitching for Kansas City Royals : LHP Josh Knapp
Pitching: LHP Josh Knapp
Batting: RHB Dennis Jackson 0-0: Ball
1-0: Ground out 5-3 (Groundball, 56, EV 101.9 MPH)
Batting: SHB Jim Whitlock 0-0: Called Strike
0-1: Ball
1-1: Ball
2-1: Swinging Strike
2-2: Ball
3-2: Foul Ball, location: 5F
3-2: Foul Ball, location: 2F
3-2: Strikes out looking
Batting: RHB Bill Widby 0-0: Ball
1-0: Swinging Strike
1-1: Fly out, F8 (Flyball, 8RXD, EV 106.3 MPH)
Bottom of the 1st over - 0 runs, 0 hits, 0 errors, 0 left on base; Kansas City 0 - Minnesota 0
TOP OF THE 2ND
Kansas City Royals batting - Pitching for Minnesota Twins : RHP Russell Cottrell
Batting: RHB Blake Linden 0-0: Called Strike
0-1: Swinging Strike
0-2: Strikes out swinging
Batting: LHB Mike Andreas 0-0: Ball
1-0: Called Strike
1-1: Ball
2-1: Called Strike
2-2: Hit by Pitch
Batting: RHB Jordan Baeza 0-0: Swinging Strike
0-1: Foul Ball, location: 2F
0-2: Grounds into double play, 4-6-3 (Groundball, 34, EV 88.1 MPH)
Top of the 2nd over - 0 runs, 0 hits, 0 errors, 0 left on base; Kansas City 0 - Minnesota 0
BOTTOM OF THE 2ND
Minnesota Twins batting - Pitching for Kansas City Royals : LHP Josh Knapp
Batting: LHB Emilio Gonzales 0-0: Ball
1-0: Single, Error in OF, E8, batter to second base (Groundball, 4D, EV 108.1 MPH)
Batting: RHB Greg Schuler 0-0: Ball
1-0: Ball
2-0: Ball
3-0: Base on Balls
Batting: SHB Dan Mayes 0-0: Ball
1-0: Called Strike
1-1: Called Strike
1-2: Foul Ball, location: 7LSFF
1-2: Ball
2-2: Strikes out swinging
Pitching: LHP Seth Eaton
Batting: RHB Joe Looby 0-0: Called Strike
0-1: Ball
1-1: Swinging Strike
1-2: Ball
2-2: Strikes out looking
Batting: RHB David Bazley 0-0: Fielders Choice at 2nd, 6-4 (Groundball, 6, EV 105.0 MPH)
Bottom of the 2nd over - 0 runs, 1 hit, 1 error, 2 left on base; Kansas City 0 - Minnesota 0
TOP OF THE 3RD
Kansas City Royals batting - Pitching for Minnesota Twins : RHP Russell Cottrell
Batting: LHB Tony Monterosa 0-0: Ball
1-0: Ball
2-0: SINGLE (Line Drive, 56D, EV 95.6 MPH)
Batting: RHB Bobby Sells 0-0: Ball
1-0: Foul Ball, location: 9LSF
1-1: Swinging Strike
1-2: Strikes out swinging
Batting: LHB Bill Goss 0-0: Ball
1-0: Ball
2-0: Called Strike
2-1: Foul Ball, location: 5F
2-2: Ball
3-2: Foul Ball, location: 2RF
3-2: Hit by Pitch
Tony Monterosa to second
Batting: LHB Danny Bonilla 0-0: Foul Ball, location: 9LSF
0-1: Fly out, F7 (Flyball, 7LM, EV 90.0 MPH)
Batting: RHB Kevin Stark 0-0: Foul Ball, location: 3FF
0-1: Called Strike
0-2: Ball
1-2: Ball
2-2: SINGLE (Groundball, 6MD, EV 103.1 MPH)
Tony Monterosa to third
Bill Goss to second
Runner from 3rd tries for Home, SAFE, throw by CF to home
Batting: LHB Jorge Castillo 0-0: Ball
1-0: Foul Ball, location: 23F
1-1: Ball
2-1: Swinging Strike
2-2: Strikes out looking
Top of the 3rd over - 1 run, 2 hits, 0 errors, 2 left on base; Kansas City 1 - Minnesota 0
BOTTOM OF THE 3RD
Minnesota Twins batting - Pitching for Kansas City Royals : LHP Seth Eaton
Batting: RHB Adam Ramsey 0-0: Swinging Strike
0-1: Ball
1-1: Called Strike
1-2: Foul Ball, location: 9LDF
1-2: Fly out, F8 (Flyball, 8LXD, EV 100.0 MPH)
Batting: RHB Dennis Jackson 0-0: Ball
1-0: Called Strike
1-1: Ground out U3 (Groundball, 3, EV 102.5 MPH)
Batting: SHB Jim Whitlock 0-0: Called Strike
0-1: Swinging Strike
0-2: Foul Ball, location: 2F
0-2: Strikes out swinging
Bottom of the 3rd over - 0 runs, 0 hits, 0 errors, 0 left on base; Kansas City 1 - Minnesota 0
TOP OF THE 4TH
Kansas City Royals batting - Pitching for Minnesota Twins : RHP Russell Cottrell
Batting: RHB Blake Linden 0-0: Called Strike
0-1: Ball
1-1: Fly out, F8 (Flyball, 8LXD, EV 88.1 MPH)
Batting: LHB Mike Andreas 0-0: Ball
1-0: Foul Ball, location: 9LDF
1-1: Ball
2-1: Foul Ball, location: 7LMF
2-2: Fly out, F8 (Flyball, 89XD, EV 107.5 MPH)
Batting: RHB Jordan Baeza 0-0: Foul Ball, location: 9LDF
0-1: SOLO HOME RUN (Flyball, 7D, EV 96.9 MPH), Distance : 366 ft
Batting: LHB Tony Monterosa 0-0: Ball
1-0: Foul Ball, location: 7LMF
1-1: Foul Ball, location: 3F
1-2: Ball
2-2: DOUBLE (Line Drive, 9LS, EV 97.5 MPH) - OUT at third base trying to stretch hit.
Top of the 4th over - 1 run, 2 hits, 0 errors, 0 left on base; Kansas City 2 - Minnesota 0
BOTTOM OF THE 4TH
Minnesota Twins batting - Pitching for Kansas City Royals : LHP Seth Eaton
Batting: RHB Bill Widby 0-0: Called Strike
0-1: Called Strike
0-2: Ground out U3 (Groundball, 23, EV 84.4 MPH)
Batting: LHB Emilio Gonzales 0-0: Called Strike
0-1: Ball
1-1: Ball
2-1: Foul Ball, location: 23F
2-2: Ball
3-2: Foul Ball, location: 2F
3-2: Foul Ball, location: 2F
3-2: Base on Balls
Batting: RHB Greg Schuler 0-0: Called Strike
0-1: Ball
1-1: Ball
2-1: Swinging Strike
2-2: Ball
3-2: Strikes out looking
Batting: SHB Dan Mayes 0-0: Called Strike
0-1: Called Strike
0-2: Foul Ball, location: 9LMF
0-2: Ball
1-2: Ball
2-2: Foul Ball, location: 2F
2-2: Fly out, F2 (Popup, 2RF, EV 91.3 MPH)
Bottom of the 4th over - 0 runs, 0 hits, 0 errors, 1 left on base; Kansas City 2 - Minnesota 0
TOP OF THE 5TH
Kansas City Royals batting - Pitching for Minnesota Twins : RHP Russell Cottrell
Batting: RHB Bobby Sells 0-0: Ball
1-0: Ground out 6-3 (Groundball, 56, EV 83.8 MPH)
Batting: LHB Bill Goss 0-0: Fly out, F5 (Popup, 5SF, EV 68.1 MPH)
Batting: LHB Danny Bonilla 0-0: Reached on error, E4 (Groundball, 34, EV 88.1 MPH)
Batting: RHB Kevin Stark 0-0: Foul Ball, location: 7LMF
0-1: Ball
1-1: Ball
2-1: Foul Ball, location: 3F
2-2: Foul Ball, location: 2F
2-2: Foul Ball, location: 2LF
2-2: Strikes out swinging
Top of the 5th over - 0 runs, 0 hits, 1 error, 1 left on base; Kansas City 2 - Minnesota 0
BOTTOM OF THE 5TH
Minnesota Twins batting - Pitching for Kansas City Royals : LHP Seth Eaton
Batting: RHB Joe Looby 0-0: Swinging Strike
0-1: Ball
1-1: SINGLE (Groundball, 23, EV 68.1 MPH) (infield hit)
Pitching: RHP Joel Elizarraraz
Batting: RHB David Bazley 0-0: Ball
1-0: Foul Ball, location: 9LMFF
1-1: Ball
2-1: Foul Ball, location: 2F
2-2: Strikes out swinging
Batting: RHB Adam Ramsey 0-0: Grounds into double play, 6-4-3 (Groundball, 6, EV 101.9 MPH)
Bottom of the 5th over - 0 runs, 1 hit, 0 errors, 0 left on base; Kansas City 2 - Minnesota 0
TOP OF THE 6TH
Kansas City Royals batting - Pitching for Minnesota Twins : RHP Russell Cottrell
Batting: LHB Jorge Castillo 0-0: Ball
1-0: Swinging Strike
1-1: Ball
2-1: Foul Ball, location: 3F
2-2: Strikes out swinging
Batting: RHB Blake Linden 0-0: Foul Ball, location: 2F
0-1: Swinging Strike
0-2: DOUBLE (Line Drive, 3D, EV 97.5 MPH)
Batting: LHB Mike Andreas 0-0: Ball
1-0: Called Strike
1-1: Foul Ball, location: 25F
1-2: Ball
2-2: 2-RUN HOME RUN (Flyball, 9LD, EV 90.6 MPH), Distance : 354 ft
Batting: RHB Jordan Baeza 0-0: Fly out, F9 (Flyball, 9, EV 95.6 MPH)
Batting: LHB Tony Monterosa 0-0: DOUBLE (Flyball, 8RXD, EV 105.6 MPH)
Batting: RHB Bobby Sells 0-0: Called Strike
0-1: Called Strike
0-2: Ball
1-2: Ground out 5-3 (Groundball, 56, EV 105.0 MPH)
Top of the 6th over - 2 runs, 3 hits, 0 errors, 1 left on base; Kansas City 4 - Minnesota 0
BOTTOM OF THE 6TH
Minnesota Twins batting - Pitching for Kansas City Royals : RHP Joel Elizarraraz
Batting: RHB Dennis Jackson 0-0: Fly out, F9 (Flyball, 9LSF, EV 98.1 MPH)
Batting: SHB Jim Whitlock 0-0: SINGLE (Line Drive, 78S, EV 105.6 MPH)
Batting: RHB Bill Widby 0-0: Ball
1-0: Called Strike
1-1: Foul Ball, location: 9LSF
1-2: Ball
2-2: Ball
3-2: Foul Ball, location: 2F
3-2: Fly out, F7 (Flyball, 78D, EV 104.4 MPH)
Batting: LHB Emilio Gonzales 0-0: Ball
Jim Whitlock steals 2nd base (no throw)
1-0: Called Strike
1-1: Swinging Strike
1-2: Ball
2-2: Ball
3-2: Foul Ball, location: 2F
3-2: Foul Ball, location: 7LDF
3-2: Foul Ball, location: 2F
3-2: SINGLE (Flyball, 78S, EV 91.9 MPH)
Jim Whitlock to third
Runner from 3rd tries for Home, SAFE, throw by LF to home
Batting: RHB Greg Schuler 0-0: Ball
1-0: Fly out, F8 (Flyball, 8LS, EV 86.9 MPH)
Bottom of the 6th over - 1 run, 2 hits, 0 errors, 1 left on base; Kansas City 4 - Minnesota 1
TOP OF THE 7TH
Kansas City Royals batting - Pitching for Minnesota Twins : RHP Russell Cottrell
Batting: LHB Bill Goss 0-0: Ball
1-0: Ball
2-0: Foul Ball, location: 3SF
2-1: Swinging Strike
2-2: Foul Ball, location: 5FF
2-2: Strikes out looking
Batting: LHB Danny Bonilla 0-0: Ball
1-0: Fly out, F6 (Popup, 6MD, EV 60.6 MPH)
Batting: RHB Kevin Stark 0-0: Ball
1-0: Called Strike
1-1: Foul Ball, location: 5FF
1-2: Ball
2-2: Foul Ball, location: 5F
2-2: Foul Ball, location: 2F
2-2: SINGLE (Line Drive, 78M, EV 109.4 MPH)
Batting: LHB Jorge Castillo 0-0: Fly out, F9 (Flyball, 9LSF, EV 82.5 MPH)
Top of the 7th over - 0 runs, 1 hit, 0 errors, 1 left on base; Kansas City 4 - Minnesota 1
BOTTOM OF THE 7TH
Minnesota Twins batting - Pitching for Kansas City Royals : RHP Joel Elizarraraz
Batting: SHB Dan Mayes 0-0: Ground out 2-3 (Groundball, 13S, EV 67.5 MPH)
Batting: RHB Joe Looby 0-0: Called Strike
0-1: Ball
1-1: Foul Ball, location: 2F
1-2: Strikes out swinging
Batting: RHB David Bazley 0-0: Ball
1-0: Foul Ball, location: 2RF
1-1: Ball
2-1: SINGLE (Line Drive, 9S, EV 88.1 MPH)
Pitching: LHP Sean Robbins
Batting: RHB Adam Ramsey 0-0: Swinging Strike
0-1: Ball
Wild Pitch!
David Bazley to second
1-1: Fly out, F5 (Popup, 5SF, EV 71.3 MPH)
Bottom of the 7th over - 0 runs, 1 hit, 0 errors, 1 left on base; Kansas City 4 - Minnesota 1
TOP OF THE 8TH
Kansas City Royals batting - Pitching for Minnesota Twins : RHP Russell Cottrell
Batting: RHB Blake Linden 0-0: Ball
1-0: Swinging Strike
1-1: Ball
2-1: Foul Ball, location: 7LMF
2-2: Ball
3-2: Base on Balls
Batting: LHB Mike Andreas 0-0: Foul Ball, location: 2F
0-1: Ball
1-1: Foul Ball, location: 2F
1-2: Ball
2-2: 2-RUN HOME RUN (Flyball, 89XD, EV 109.4 MPH), Distance : 441 ft
Pitching: RHP Orlando Basurto
Batting: RHB Jordan Baeza 0-0: Foul Ball, location: 7LMF
0-1: Ball
1-1: Swinging Strike
1-2: Fly out, F6 (Popup, 4M, EV 55.0 MPH)
Batting: LHB Tony Monterosa 0-0: Ball
1-0: Ball
2-0: Called Strike
2-1: SINGLE (Line Drive, 7LS, EV 101.9 MPH)
Batting: RHB Bobby Sells 0-0: Ball
1-0: Ball
2-0: Swinging Strike
2-1: Called Strike
2-2: Strikes out swinging
Batting: LHB Bill Goss 0-0: Called Strike
Tony Monterosa steals 2nd base
0-1: Foul Ball, location: 2F
0-2: Ground out 5-3 (Groundball, 56, EV 83.8 MPH)
Top of the 8th over - 2 runs, 2 hits, 0 errors, 1 left on base; Kansas City 6 - Minnesota 1
BOTTOM OF THE 8TH
Minnesota Twins batting - Pitching for Kansas City Royals : LHP Sean Robbins
Batting: RHB Dennis Jackson 0-0: Called Strike
0-1: Ball
1-1: Called Strike
1-2: Ball
2-2: SOLO HOME RUN (Line Drive, 7D, EV 98.1 MPH), Distance : 378 ft
Batting: SHB Jim Whitlock 0-0: Called Strike
0-1: Ball
1-1: Fly out, F4 (Line Drive, 34, EV 74.4 MPH)
Batting: RHB Bill Widby 0-0: Ball
1-0: Called Strike
1-1: Called Strike
1-2: Ball
2-2: Ball
3-2: Base on Balls
Batting: LHB Emilio Gonzales 0-0: Called Strike
0-1: Ball
1-1: Ball
2-1: Ball
3-1: Fly out, F8 (Flyball, 8LD, EV 103.8 MPH)
Batting: RHB Greg Schuler 0-0: Fielders Choice at 2nd, 6-4 (Groundball, 6, EV 93.1 MPH)
Bottom of the 8th over - 1 run, 1 hit, 0 errors, 1 left on base; Kansas City 6 - Minnesota 2
TOP OF THE 9TH
Kansas City Royals batting - Pitching for Minnesota Twins : RHP Orlando Basurto
Pitching: LHP Jeff Downing
Batting: LHB Danny Bonilla 0-0: Called Strike
0-1: Fly out, F7 (Flyball, 78S, EV 88.1 MPH)
Batting: RHB Kevin Stark 0-0: Called Strike
0-1: Foul Ball, location: 3F
0-2: Strikes out looking
Batting: LHB Jorge Castillo 0-0: Ball
1-0: Swinging Strike
1-1: Swinging Strike
1-2: Ball
2-2: Strikes out swinging
Top of the 9th over - 0 runs, 0 hits, 0 errors, 0 left on base; Kansas City 6 - Minnesota 2
BOTTOM OF THE 9TH
Minnesota Twins batting - Pitching for Kansas City Royals : LHP Sean Robbins
Batting: SHB Dan Mayes 0-0: Fly out, F4 (Popup, 4, EV 55.6 MPH)
Batting: RHB Joe Looby 0-0: Foul Ball, location: 2F
0-1: Foul Ball, location: 2F
0-2: Ball
1-2: Foul Ball, location: 5F
1-2: Ground out 4-3 (Groundball, 34D, EV 97.5 MPH)
Pitching: LHP Angelo Castillo
Batting: RHB David Bazley 0-0: Ball
1-0: Swinging Strike
1-1: Foul Ball, location: 7LSF
1-2: Strikes out swinging
Bottom of the 9th over - 0 runs, 0 hits, 0 errors, 0 left on base; Kansas City 6 - Minnesota 2
Saturday, May 4th , 2024 - OOTP Baseball 24.11 Build 85